 Dungeon Crawl Stone Soup version 0.30.1-11-g7821555f0a (webtiles) character file.

Game seed: 12260470711573070139

81960 caec the Black Belt (level 15, -3/99 HPs)
             Began as a Green Draconian Transmuter on Dec 19, 2023.
             Was a High Priest of Hepliaklqana.
             Slain by Agnes
             ... wielding a +0 lajatang of speed
              (26 damage)
             ... on level 1 of the Spider Nest on Dec 20, 2023.
             The game lasted 02:41:34 (26257 turns).

caec the Black Belt (Green Draconian Transmuter)   Turns: 26257, Time: 02:41:35

Health: -3/99      AC: 15    Str: 13    XL:     15   Next: 28%
Magic:  7/30       EV: 21    Int: 21    God:    Hepliaklqana [*****.]
Gold:   919        SH:  5    Dex: 17    Spells: 11/37 levels left

rFire   + .          .
                       - Unarmed
rCold   + + .        (shield currently unavailable)
rNeg    . . .        (body armour unavailable)
rPois   +            j - +3 crown of Dyrovepreva {rElec Int+2 SInv}
rElec   +            P - +0 cloak of Weirdness {rF+ Slay+3}
rCorr   .            B - melded +2 pair of gloves of Hibuch {*Slow rN+++ Str+5}
SInv    +            Q - +1 pair of boots
Will    +....        D - amulet of reflection
Stlth   +++          S - ring of Beogh, Supporting {rC++ Int+6}
HPRegen 0.36/turn    O - +5 ring of evasion
MPRegen 0.22/turn

%: reflection
@: blade hands, very slightly contaminated
A: reduced essence, breathe noxious fumes, AC +9, unfitting armour, stinger 1,
poison resistance, cold-blooded, dopey 1, sense surroundings 1
a: Breathe Noxious Fumes, End Transformation, Renounce Religion, Recall
Ancestor, Ancestor Identity, Transference, Idealise


You were on level 1 of the Spider Nest.
You worshipped Hepliaklqana.
Hepliaklqana was extremely pleased with you.
You had blades for hands.
You visited 5 branches of the dungeon, and saw 22 of its levels.
You also visited: Ossuary and Ice Cave.

You collected 2089 gold pieces.
You spent 1170 gold pieces at shops.

Inventory:

Missiles
 b - 27 poisoned darts (quivered)
Armour
 j - the +3 crown of Dyrovepreva (worn) {rElec Int+2 SInv}
   (You acquired it on level 2 of the Lair of Beasts)

   Int:       It affects your intelligence (+2).
   rElec:     It insulates you from electricity.
   SInv:      It lets you see invisible.
 n - a +0 pair of gloves
 B - the +2 pair of gloves of Hibuch (melded) {*Slow rN+++ Str+5}
   (You found it on level 5 of the Lair of Beasts)

   Str:       It affects your strength (+5).
   rN:        It renders you almost immune to negative energy.
   *Slow:     It may slow you when you take damage.
 P - the +0 cloak of Weirdness (worn) {rF+ Slay+3}
   (You found it on level 2 of the Orcish Mines)

   Slay:      It affects your accuracy & damage with ranged weapons and melee
   (+3).
   rF:        It protects you from fire.
 Q - a +1 pair of boots (worn)
Jewellery
 e - a ring of magical power
 v - an amulet of regeneration
 y - a +6 ring of strength
 D - an amulet of reflection (around neck)
 O - a +5 ring of evasion (right blade hand)
 R - a ring of positive energy
 S - the ring of Beogh, Supporting (left blade hand) {rC++ Int+6}
   (You took it off an orc warrior on level 2 of the Orcish Mines)

   [ring of intelligence]

   Int:       It affects your intelligence (+6).
   rC:        It greatly protects you from cold.
 T - a ring of fire
 W - a ring of protection from fire
Wands
 t - a wand of digging (7)
 z - a wand of mindburst (5)
 C - a wand of acid (4)
 G - a wand of polymorph (6)
 J - a wand of flame (23)
 L - a wand of iceblast (11)
Scrolls
 g - 7 scrolls of teleportation
 i - 2 scrolls of summoning
 k - 2 scrolls of magic mapping
 l - 7 scrolls of enchant weapon
 o - 3 scrolls of enchant armour
 q - 3 scrolls of fear
 r - 2 scrolls of vulnerability
 s - 3 scrolls of amnesia
 H - 2 scrolls of torment
 K - 2 scrolls of immolation
 M - 2 scrolls of fog
 N - 7 scrolls of blinking
 Y - 7 scrolls of identify
 Z - a scroll of poison
Potions
 a - 6 potions of lignification
 c - 3 potions of magic
 d - 8 potions of heal wounds
 f - a potion of cancellation
 h - 3 potions of ambrosia
 m - 2 potions of invisibility
 p - 4 potions of flight
 u - 4 potions of resistance
 w - 13 potions of curing
 x - a potion of brilliance
 A - 2 potions of haste
 E - 3 potions of might


   Skills:
 + Level 4.6 Fighting
 - Level 1.2 Throwing
 + Level 8.0 Dodging
 + Level 6.3 Stealth
 - Level 1.3 Shields
 + Level 15.2 Unarmed Combat
 + Level 11.5 Spellcasting
 + Level 13.0 Transmutations
 - Level 2.1 Ice Magic
 + Level 0.8 Air Magic
 + Level 1.2 Earth Magic
 + Level 2.9 Poison Magic
 * Level 6.2 Invocations
 + Level 7.4 Evocations


You had 11 spell levels left.
You knew the following spells:

 Your Spells              Type           Power      Damage    Failure   Level
a - Alistair's Intoxicat  Tmut/Pois      30%        N/A       36%         5
b - Wereblood             Tmut           61%        N/A       5%          2
d - Blade Hands           Tmut           30%        N/A       13%         5
e - Ice Form              Ice/Tmut       43%        N/A       24%         4
f - Ignite Poison         Fire/Tmut/Pois 34%        N/A       21%         3
g - Petrify               Tmut/Erth      42%        N/A       26%         4
h - Mephitic Cloud        Conj/Pois/Air  17%        N/A       45%         3

Your spell library contained the following spells:

 Spells                   Type           Power      Damage    Failure   Level
 Beastly Appendage        Tmut           100%       N/A       4%          1
 Spider Form              Tmut/Pois      45%        N/A       13%         3
 Magic Dart               Conj           48%        1d5       34%         1
 Slow                     Hex            48%        N/A       34%         1
 Call Imp                 Summ           24%        N/A       43%         2
 Lesser Beckoning         Tloc           24%        N/A       43%         2
 Sublimation of Blood     Necr           12%        N/A       43%         2
 Irradiate                Conj/Tmut      19%        3d18      47%         5
 Volatile Blastmotes      Fire/Tloc      24%        2d12      56%         3
 Dazzling Flash           Conj/Hex       24%        N/A       58%         3
 Gell's Gravitas          Tloc           12%        N/A       58%         3
 Portal Projectile        Hex/Tloc       24%        N/A       58%         3
 Teleport Other           Tloc           12%        N/A       58%         3
 Tukima's Dance           Hex            12%        N/A       58%         3
 Leda's Liquefaction      Hex/Erth       7%         N/A       82%         4
 Sticky Flame             Conj/Fire      12%        2d4       86%         4
 Anguish                  Hex/Necr       6%         N/A       87%         4
 Animate Dead             Necr           12%        N/A       87%         4
 Iskenderun's Mystic Bla  Conj/Tloc      12%        2d5       87%         4
 Borgnjor's Vile Clutch   Necr/Erth      7%         N/A       97%         5
 Agony                    Necr           12%        N/A       98%         5
 Silence                  Hex/Air        6%         N/A       98%         5
 Death Channel            Necr           6%         N/A       100%        6
 Iron Shot                Conj/Erth      7%         9d2       100%        6
 Simulacrum               Ice/Necr       8%         N/A       100%        6
 Starburst                Conj/Fire      6%         6d4       100%        6
 Ozocubu's Refrigeration  Ice            10%        4d9       100%        7
 Ignition                 Fire           6%         3d4       100%        8
 Polar Vortex             Ice            10%        N/A       100%        9
 Animate Armour           Summ/Erth      Unusable   N/A       N/A         4

Dungeon Overview and Level Annotations

Branches:
Dungeon (13/15)            Temple (1/1) D:6            Lair (5/5) D:8
  Swamp (0/4) Lair:3       Spider (1/4) Lair:3        Slime (0/5) Lair:4
    Orc (2/2) D:12            Elf (0/3) Orc:2       Ossuary (visited)
  IceCv (visited)
 Vaults: D:13-14

Altars:
Cheibriados
Dithmenos
Elyvilon
Fedhas
Gozag
Hepliaklqana
Kikubaaqudgha
Makhleb
Okawaru
Qazlal
Ru
Sif Muna
Uskayaw
Wu Jian
Xom
Yredelemnul
Zin
The Shining One

Shops:
D:4 *   D:9 ?   Orc:1 !   Orc:2 [?*(

Annotations:
Spider:1 Agnes


Innate Abilities, Weirdness & Mutations

You have blades for hands.
Your spellcasting is less reliable in this form.
You are incapable of wielding weapons or throwing items.
Your life essence is reduced to manifest your ancestor. (-10% HP)
You can breathe blasts of noxious fumes.
Your lurid green scales are hard. (AC +9)
You cannot fit into any form of body armour.
Your tail ends in a venomous barb.
Your system is resistant to poisons. (rPois)
You are cold-blooded and may be slowed by cold attacks.
You are dopey. (Int -2)
You passively map a small area around you.


Message History

Casting: Alistair's Intoxication (dangerous; 13% risk of failure)
Confirm with . or Enter, or press ? or * to list all spells.
Your hands turn into razor-sharp scythe blades.
The +2 pair of gloves of Hibuch {*Slow rN+++ Str+5} melds into your body.
Septima barely misses Agnes.
A redback comes into view.
The redback moves out of view.
Agnes hits you with a +0 lajatang of speed!!
You hear a shout!
Unknown command.
You slice Agnes!! You tail-slap Agnes.
Agnes is poisoned.
Agnes is moderately wounded.
Septima barely misses Agnes.
The world stops spinning.
Agnes seems less confused.
Agnes hits you with a +0 lajatang of speed!!
* * * LOW HITPOINT WARNING * * *
You feel much better. Agnes hits you but does no damage.
You block Agnes's attack.
Agnes mutters, "I could really go for a good breadfruit right now."
Agnes hits you with a +0 lajatang of speed!
* * * LOW HITPOINT WARNING * * *
Blink to where?
Press: ? - help, Dir - move target
As you read the scroll of blinking, it crumbles to dust.
Agnes says, "I despise a dishonourable opponent."
Casting: Blade Hands (dangerous; 13% risk of failure)
Confirm with . or Enter, or press ? or * to list all spells.
Casting: Alistair's Intoxication (dangerous; 36% risk of failure)
Press: ? - help, Dir - look around, f - activate You miscast Alistair's Intoxication.
You are very lightly contaminated with residual magic.
Nothing appears to happen.
Casting: Alistair's Intoxication (dangerous; 36% risk of failure)
Confirm with . or Enter, or press ? or * to list all spells.
Casting: Alistair's Intoxication (dangerous; 36% risk of failure)
Press: ? - help, Dir - look around, f - activate You attempt to intoxicate your foes!
Agnes hits you with a +0 lajatang of speed!!
You die...

######## * ###.##...# #
####........## ### #.
##............###.. ..#
###..>...........##.. *
.#..###..............#.....
*
..#......@###........#####
#^......i###......†.# # ,
*#.....R...###....##.# , *
#..........#.#...##.##
*#...........####.###.# ,
#....§......# #.#...##
.....#..........# #.#....##
, ...* ##.........#
#.####..## ., ,#...?...#.#
##.#####.##


You could see the friendly Septima the knight and Agnes (poisoned, ally target).

Vanquished Creatures
  A reaper (IceCv)
  A ghost moth (Lair:4)
  2 orc warlords
  An ettin (Orc:1)
  Snorg (Orc:2)
  The ghost of Angrytalen2 the Basher, a journeyman GrMo of Hepliaklqana (D:12)
  4 hydras
  Erolcha (D:11)
  3 two-headed ogres
  A centaur warrior (D:12)
  4 boulder beetles
  4 death yaks (Lair:1)
  Urug (Orc:2)
  A tengu warrior (D:9)
  5 orc high priests
  3 skysharks
  A goliath frog (Lair:5)
  A steelbarb worm (Spider:1)
  4 orc knights
  An ugly thing (D:10)
  A manticore (D:12)
  2 deep elf pyromancers (D:12)
  2 oklob plants (Lair:4)
  2 orc sorcerers
  4 elephants (Lair:4)
  2 ice statues (IceCv)
  3 black mambas
  A gargoyle (D:11)
  3 torpor snails (Lair:5)
  Joseph (D:8)
  5 komodo dragons
  An unseen horror (D:11)
  17 cane toads
  3 rime drakes
  Psyche (D:8)
  7 ice devils
  A freezing wraith (IceCv)
  4 meliai (Lair:3)
  2 tyrant leeches (Lair:5)
  5 trolls
  A queen bee (Lair:3)
  A hornet (D:9)
  24 blink frogs
  A jumping spider (Spider:1)
  A culicivora (Spider:1)
  5 slime creatures (D:12)
  Sigmund (D:5)
  A shadow (D:10)
  A wyvern (Lair:3)
  Eustachio (D:4)
  4 basilisks
  51 yaks
  A redback (Lair:3)
  A steam dragon (D:9)
  7 vampire mosquitoes
  2 death yak simulacra
  5 wargs
  12 water moccasins
  An acid dragon (D:9)
  31 orc warriors
  3 ice beasts
  An ogre (Orc:1)
  A black bear (D:7)
  8 centaurs
  16 wolves
  A phantom (D:4)
  13 bullfrogs
  2 kobold brigands
  2 gnoll sergeants
  A two-headed ogre simulacrum (IceCv)
  14 scorpions
  A cane toad simulacrum (Lair:1)
  10 wights
  35 killer bees
  2 howler monkeys
  2 hounds
  2 human zombies (Ossuary)
  26 orc priests
  A jelly (D:6)
  A gnoll bouda (D:6)
  4 iguanas
  4 scorpion zombies (Ossuary)
  Ijyb (D:5)
  35 orc wizards
  2 spriggan simulacra (IceCv)
  4 troll simulacra (IceCv)
  2 polar bear simulacra (IceCv)
  4 wolf simulacra
  4 mummies
  10 gnolls
  A naga simulacrum (IceCv)
  A river rat (Lair:3)
  6 adders
  3 shadow imps
  4 white imps
  4 ufetubi
  3 worms
  2 dart slugs
  65 orcs
  4 ball pythons
  2 endoplasms
  10 giant cockroaches
  3 gnoll zombies (Ossuary)
  9 goblins
  7 hobgoblins
  13 jackals
  4 quokkas
  3 bats
  5 frilled lizards
  5 goblin zombies
  3 hobgoblin zombies (Ossuary)
  6 kobolds
  2 kobold zombies (Ossuary)
  3 orc zombies (Ossuary)
  A rat (D:1)
641 creatures vanquished.

Vanquished Creatures (collateral kills)
  Gastronok (Orc:1)
  A hydra (Lair:5)
  A goliath frog (Lair:5)
  2 cyclopes
  An elephant (Lair:4)
  A cane toad (Lair:5)
  A meliai (Lair:3)
  An ice devil (IceCv)
  4 blink frogs
  A tarantella (Spider:1)
  A slime creature (D:12)
  A dire elephant simulacrum (IceCv)
  2 wyverns (Lair:3)
  A culicivora (Spider:1)
  8 yaks
  A basilisk (Lair:3)
  A redback (Lair:3)
  A vampire mosquito (Lair:5)
  A death yak simulacrum (IceCv)
  3 water moccasins
  2 orc warriors
  2 bullfrogs (Lair:5)
  2 cane toad simulacra
  5 killer bees
  6 orc priests (Orc:2)
  4 orc wizards (Orc:2)
  A hell rat (Lair:3)
  2 naga simulacra (IceCv)
  20 orcs
  2 kobolds (D:9)
80 creatures vanquished.

Vanquished Creatures (others)
  Kirke (Lair:4)
  A hound (D:4)
  3 ancestors (D:9)
  18 knights
23 creatures vanquished.

Grand Total: 744 creatures vanquished

Notes
Turn   | Place    | Note
-------+----------+-------------------------------------------
     0 | D:1      | caec the Draconian Transmuter began the quest for the Orb.
     0 | D:1      | Reached XP level 1. HP: 16/16 MP: 3/3
   221 | D:1      | Reached XP level 2. HP: 23/23 MP: 3/5
   227 | D:1      | Learned a level 2 spell: Wereblood
   845 | D:2      | Reached XP level 3. HP: 28/28 MP: 3/6
  1650 | D:3      | Reached XP level 4. HP: 25/35 MP: 3/8
  1668 | D:3      | Learned a level 3 spell: Spider Form
  2034 | D:4      | Noticed Eustachio
  2058 | D:4      | Killed Eustachio
  2059 | D:4      | Reached skill level 4 in Unarmed Combat
  2059 | D:4      | Reached XP level 5. HP: 40/40 MP: 9/9
  2166 | D:4      | Reached XP level 6. HP: 41/47 MP: 6/10
  2551 | D:4      | Found Gugraot's Assorted Antiques.
  2559 | D:4      | Bought a scroll of identify for 62 gold pieces
  2559 | D:4      | Bought a scroll of identify for 62 gold pieces
  2814 | D:5      | Entered Level 5 of the Dungeon
  2831 | D:5      | Noticed an ice beast
  2841 | D:5      | Killed an ice beast
  2842 | D:5      | Your scales start taking on a lurid green colour.
  2842 | D:5      | Reached XP level 7. HP: 40/53 MP: 8/12
  2842 | D:5      | Gained mutation: Your system is resistant to poisons.
                  | (rPois) [Green Draconian growth]
  2883 | D:5      | Found a sacrificial altar of Ru.
  2943 | D:5      | Noticed Ijyb
  2961 | D:5      | Killed Ijyb
  3084 | D:5      | Found a sand-covered staircase.
  3096 | Ossuary  | Entered an ossuary
  3141 | Ossuary  | Reached skill level 5 in Unarmed Combat
  3153 | Ossuary  | Reached skill level 1 in Throwing
  3208 | Ossuary  | Reached skill level 1 in Stealth
  3280 | Ossuary  | Reached skill level 6 in Unarmed Combat
  3291 | Ossuary  | Reached skill level 5 in Transmutations
  3309 | Ossuary  | Reached XP level 8. HP: 61/61 MP: 10/14
  3536 | D:5      | Reached skill level 7 in Unarmed Combat
  3867 | D:5      | Noticed Sigmund
  3879 | D:5      | Killed Sigmund
  4331 | D:6      | Reached XP level 9. HP: 67/67 MP: 13/16
  4340 | D:6      | Learned a level 5 spell: Blade Hands
  4542 | D:6      | Identified the +3 scale mail "Tahi" {+Blink Will- Dex+3}
  4814 | D:6      | Reached skill level 8 in Unarmed Combat
  5106 | D:6      | Reached skill level 5 in Spellcasting
  5543 | D:6      | Found a staircase to the Ecumenical Temple.
  5549 | Temple   | Entered the Ecumenical Temple
  5594 | Temple   | Became a worshipper of Hepliaklqana the Forgotten
  5813 | D:7      | Reached skill level 1 in Shields
  5996 | D:7      | Reached skill level 1 in Poison Magic
  6210 | D:7      | Found a glowing golden altar of the Shining One.
  6251 | D:7      | Found a shimmering blue altar of Sif Muna.
  6659 | D:8      | Noticed a two-headed ogre
  6671 | D:8      | Killed a two-headed ogre
  6672 | D:8      | Reached skill level 9 in Unarmed Combat
  6672 | D:8      | Reached XP level 10. HP: 57/75 MP: 16/18
  6831 | D:8      | Noticed Psyche
  6844 | D:8      | Killed Psyche
  6845 | D:8      | Reached skill level 1 in Evocations
  6978 | D:8      | Found a staircase to the Lair.
  7108 | D:8      | Noticed Joseph
  7130 | D:8      | Killed Joseph
  7384 | D:8      | Noticed a two-headed ogre
  7393 | D:8      | Killed a two-headed ogre
  7647 | D:8      | Reached skill level 5 in Dodging
  7973 | D:9      | Reached * piety under Hepliaklqana
  7978 | D:9      | Reached skill level 10 in Unarmed Combat
  7987 | D:9      | You fall into a shaft and drop 2 floors!
  7996 | D:10     | Entered Level 10 of the Dungeon
  8049 | D:10     | Noticed a brown ugly thing
  8312 | D:9      | Noticed a tengu warrior
  8319 | D:9      | Killed a tengu warrior
  8324 | D:9      | Noticed a boulder beetle
  8336 | D:9      | Killed a boulder beetle
  8375 | D:9      | Reached XP level 11. HP: 54/73 MP: 14/20
  9107 | D:9      | Found a blossoming altar of Fedhas.
  9245 | D:9      | Found Fuotrit's Magic Scroll Emporium.
  9252 | D:9      | Bought a scroll of poison for 52 gold pieces
  9252 | D:9      | Bought a scroll of blinking for 97 gold pieces
  9252 | D:9      | Bought a scroll of noise for 13 gold pieces
  9252 | D:9      | Bought a scroll of identify for 26 gold pieces
  9253 | D:9      | Gained mutation: Your large and strong wings let you fly.
                  | [potion of mutation]
  9634 | D:9      | Found the +8 frozen axe "Frostbite" {freeze, freezing
                  | cloud, *Noise Fly rC+}
  9897 | Lair:1   | Entered Level 1 of the Lair of Beasts
  9969 | Lair:1   | Reached ** piety under Hepliaklqana
  9970 | Lair:1   | Remembered your ancestor Septima as a knight
 10091 | Lair:1   | Found a frozen archway.
 10130 | Lair:1   | Learned a level 4 spell: Ice Form
 10243 | Lair:1   | Noticed a death yak
 10245 | IceCv    | Entered an ice cave
 10386 | IceCv    | Reached skill level 11 in Unarmed Combat
 10448 | IceCv    | Reached skill level 1 in Ice Magic
 11193 | IceCv    | Noticed a reaper
 11225 | IceCv    | Killed a reaper
 11382 | Lair:1   | Noticed a death yak
 11391 | Lair:1   | Noticed a death yak
 11391 | Lair:1   | Noticed a death yak
 11403 | Lair:1   | Killed a death yak
 11407 | Lair:1   | Killed a death yak
 11411 | Lair:1   | Killed a death yak
 11412 | Lair:1   | Reached XP level 12. HP: 35/81 MP: 19/23
 11420 | Lair:1   | Killed a death yak
 11717 | Lair:1   | Reached skill level 12 in Unarmed Combat
 12213 | Lair:2   | Noticed an eight-headed hydra
 12226 | Lair:2   | Reached skill level 10 in Transmutations
 12226 | Lair:2   | Killed an eight-headed hydra
 12227 | Lair:2   | Reached skill level 5 in Stealth
 13015 | Lair:2   | Identified a scroll of acquirement
 13016 | Lair:2   | Acquired the +3 crown of Dyrovepreva {rElec Int+2 SInv}
 13016 | Lair:2   | Found the +3 crown of Dyrovepreva {rElec Int+2 SInv}
 13044 | Lair:3   | Found a staircase to the Swamp.
 13494 | Lair:3   | Reached *** piety under Hepliaklqana
 13503 | Lair:3   | Reached skill level 13 in Unarmed Combat
 13619 | Lair:3   | Found a hole to the Spider Nest.
 13686 | Lair:3   | Noticed a five-headed hydra
 14068 | D:10     | Reached skill level 5 in Evocations
 14227 | D:10     | Reached XP level 13. HP: 86/86 MP: 19/26
 14320 | D:10     | Found an ornate altar of the Wu Jian Council.
 14385 | D:10     | Found a white marble altar of Elyvilon.
 14512 | D:10     | Found a glowing silver altar of Zin.
 14512 | D:10     | Found an opulent altar of Gozag.
 14549 | D:10     | Lost mutation: Your large and strong wings let you fly.
                  | [potion of mutation]
 14549 | D:10     | Gained mutation: You occasionally lose the ability to drink
                  | potions when taking damage. [potion of mutation]
 14549 | D:10     | Gained mutation: Your muscles are strong. (Str +4, Int/Dex
                  | -1) [potion of mutation]
 14549 | D:10     | Gained mutation: Your mind is acute. (Int +4, Str/Dex -1)
                  | [potion of mutation]
 14754 | D:11     | Noticed Erolcha
 14941 | D:11     | Killed Erolcha
 15434 | D:12     | Found a staircase to the Orcish Mines.
 15679 | D:12     | Reached **** piety under Hepliaklqana
 15868 | D:12     | Lost mutation: Your muscles are strong. (Str +4, Int/Dex
                  | -1) [potion of mutation]
 15868 | D:12     | Lost mutation: You occasionally lose the ability to drink
                  | potions when taking damage. [potion of mutation]
 15868 | D:12     | Lost mutation: Your mind is acute. (Int +4, Str/Dex -1)
                  | [potion of mutation]
 15868 | D:12     | Gained mutation: Your large and strong wings let you fly.
                  | [potion of mutation]
 15868 | D:12     | Gained mutation: Your spells are a little harder to cast,
                  | but a little more powerful. [potion of mutation]
 15868 | D:12     | Gained mutation: You have sharp toenails. [potion of
                  | mutation]
 16644 | D:12     | Lost mutation: Your spells are a little harder to cast, but
                  | a little more powerful. [potion of mutation]
 16644 | D:12     | Lost mutation: Your large and strong wings let you fly.
                  | [potion of mutation]
 16644 | D:12     | Lost mutation: You have sharp toenails. [potion of
                  | mutation]
 16644 | D:12     | Gained mutation: You occasionally shout uncontrollably at
                  | your foes. [potion of mutation]
 16644 | D:12     | Gained mutation: You are agile. (Dex +4, Str/Int -1)
                  | [potion of mutation]
 16644 | D:12     | Gained mutation: You are robust. (+10% HP) [potion of
                  | mutation]
 16645 | D:12     | Lost mutation: You are robust. (+10% HP) [potion of
                  | mutation]
 16645 | D:12     | Lost mutation: You occasionally shout uncontrollably at
                  | your foes. [potion of mutation]
 16645 | D:12     | Lost mutation: You are agile. (Dex +4, Str/Int -1) [potion
                  | of mutation]
 16645 | D:12     | Gained mutation: You are weak. (Str -2) [potion of
                  | mutation]
 16645 | D:12     | Gained mutation: You are dopey. (Int -2) [potion of
                  | mutation]
 16645 | D:12     | Gained mutation: You passively map a small area around you.
                  | [potion of mutation]
 16645 | D:12     | Lost mutation: You are weak. (Str -2) [potion of mutation]
 16925 | Orc:1    | Entered Level 1 of the Orcish Mines
 16940 | Orc:1    | Noticed an ettin
 16963 | Orc:1    | Killed an ettin
 17330 | Orc:1    | You fall into a shaft and drop 1 floor!
 17330 | Orc:2    | Entered Level 2 of the Orcish Mines
 17338 | Orc:2    | Noticed Urug
 17354 | Orc:2    | Killed Urug
 17365 | Orc:2    | Noticed an orc warlord
 17458 | Orc:1    | Found Cuah's Distillery.
 17473 | Orc:1    | Bought 2 potions of heal wounds for 110 gold pieces
 17473 | Orc:1    | Bought a potion of curing for 33 gold pieces
 17473 | Orc:1    | Bought a potion of heal wounds for 55 gold pieces
 17482 | Orc:1    | Noticed Gastronok
 17495 | Orc:1    | Killed Gastronok
 17496 | Orc:1    | Reached skill level 10 in Spellcasting
 17926 | Orc:2    | Found a staircase to the Elven Halls.
 18154 | Orc:1    | Killed an orc warlord
 18235 | Orc:2    | Reached skill level 14 in Unarmed Combat
 18421 | Orc:2    | Found a runed translucent gate.
 18421 | Orc:2    | Found a runed translucent gate.
 18421 | Orc:2    | Found a runed translucent gate.
 18424 | Orc:2    | Noticed Angrytalen2's ghost (journeyman GrMo)
 18428 | Orc:2    | Identified the +2 arbalest of Tomorrow {drain, Contam rF+++
                  | Str+8 Stlth-}
 18429 | Orc:2    | Identified the +7 plate armour of Noughts and Crosses {Fly
                  | Regen+ Int-3 SInv}
 18429 | Orc:2    | Noticed an orc warlord
 18429 | Orc:2    | Identified the ring of Beogh, Supporting {rC++ Int+6}
 18783 | Orc:2    | Gained mutation: Your tail ends in a venomous barb. [Green
                  | Draconian growth]
 18783 | Orc:2    | Reached XP level 14. HP: 51/93 MP: 22/28
 18796 | Orc:2    | Noticed Snorg
 18806 | Orc:2    | Killed Snorg
 18847 | Orc:2    | Found Xaeroudd's Weapon Emporium.
 18847 | Orc:2    | Found Qofoss's Antique Armour Shoppe.
 18847 | Orc:2    | Found Zinamp's Magic Scroll Shoppe.
 18852 | Orc:2    | Found Ytelet's Assorted Antiques.
 19092 | Orc:2    | Bought a pair of faintly glowing gloves for 228 gold pieces
 19092 | Orc:2    | Identified the +1 pair of gloves of Zoump {Harm Regen+
                  | Stlth+} (You bought it in a shop on level 2 of the Orcish
                  | Mines)
 19095 | Orc:2    | Bought a pair of slimy boots for 304 gold pieces
 19095 | Orc:2    | Identified the +0 pair of boots of Resourcefulness {-Cast
                  | rC- Will+++ Regen+} (You bought it in a shop on level 2 of
                  | the Orcish Mines)
 19102 | Orc:2    | Bought a runed silver wand for 128 gold pieces
 19168 | Orc:2    | Found a shimmering blue altar of Sif Muna.
 19346 | D:12     | Killed Angrytalen2's ghost
 19347 | D:12     | Reached skill level 1 in Invocations
 19760 | Orc:2    | Killed an orc warlord
 20109 | Orc:2    | Identified the +0 cloak of Weirdness {rF+ Slay+3}
 21208 | Lair:3   | Identified the +1 quarterstaff "Killer Klown's Regret"
                  | {freeze, rC+ rN+}
 21372 | Lair:3   | Reached ***** piety under Hepliaklqana
 22436 | Lair:4   | a four-headed hydra changed into a ghost moth
 22436 | Lair:4   | Noticed a ghost moth
 22452 | Lair:4   | Killed a ghost moth
 22873 | Lair:4   | Found a staircase to the Slime Pits.
 23144 | Lair:4   | Noticed Kirke
 23156 | Lair:4   | Killed Kirke
 23570 | Lair:4   | Learned a level 3 spell: Ignite Poison
 23612 | Lair:4   | Learned a level 4 spell: Petrify
 23616 | Lair:4   | Learned a level 3 spell: Mephitic Cloud
 23685 | Lair:5   | Entered Level 5 of the Lair of Beasts
 24085 | Lair:5   | Reached skill level 5 in Invocations
 24131 | Lair:5   | Reached skill level 15 in Unarmed Combat
 24271 | Lair:5   | Reached skill level 1 in Earth Magic
 24356 | Lair:5   | Reached XP level 15. HP: 99/99 MP: 14/30
 24954 | Lair:5   | Got Teomitt's Teachings on Cursed Filth
 24981 | Lair:5   | Learned a level 5 spell: Alistair's Intoxication
 25163 | Lair:5   | Identified the +2 pair of gloves of Hibuch {*Slow rN+++
                  | Str+5}
 25822 | Spider:1 | Entered Level 1 of the Spider Nest
 26239 | Spider:1 | Noticed Agnes
 26257 | Spider:1 | Slain by Agnes

Illustrated notes

Levels and vault maps discovered:
D:1:      evilmike_arrival_plus, layout_basic, interstate_on_off
D:2:      layout_rooms, minmay_worlds_worst_comb
D:3:      layout_rooms, minmay_diced_spiral
D:4:      layout_rooms, serial_shops, shop, minmay_cupped, uniq_eustachio
D:5:      layout_gridville, mainiacjoe_overflow_tiny_flanked,
          nicolae_ossuary_entry_giza, grunt_ministairs_3, uniq_ijyb,
          uniq_sigmund
D:6:      layout_layer_cave, minmay_temple_entry_enclosed_plants
D:7:      layout_basic, tso_metal_star, kennysheep_mini_moat, kennysheep_potato
D:8:      layout_loops_cross, erik_lair_orcish_takeover,
          nicolae_elevator_lobby_asterisk, uniq_psyche, uniq_joseph
D:9:      minmay_ornate_pinched, layout_cave_pods, fedhas_altar_1, serial_shops,
          nicolae_shop_tiny_real_fake_doors, columned_hall_lemuel,
          hellmonk_guarded_unrand_frostbite
D:10:     layout_cave_pools, grunt_temple_overflow_gold_and_silver,
          kennysheep_mini, nicolae_elyvilon_peaceful_grove, minmay_hedge_maze
D:11:     layout_rooms, item_on_display_a, uniq_erolcha
D:12:     layout_stronghold, hiddenorc1_lemuel, palyth_stone_intersect
D:13:     layout_roguey, grunt_vaults_entry_fortified, serial_shops, shop,
          ebering_ghost_rock_garden, nicolae_water_bricks, uniq_frances
Temple:   jpeg_temple_clearing
Lair:1:   layout_chaotic_city, portal_ice_cave_entry_ice_simulacra
Lair:2:   layout_roguey
Lair:3:   regret_index_combs_of_tragedy, layout_regular_city, swamp_mist_pool,
          spider_nest_entry_a, serial_bayou_shore_b
Lair:4:   layout_cave_pods, minmay_slime_entry_oklob_open, uniq_kirke
Lair:5:   minmay_lair_end_frog_pond, layout_regular_city, pond,
          serial_bayou_shore_a
Spider:1: layout_chambers, drop_trap, nicolae_spider_bzzzt, uniq_agnes
Orc:1:    layout_diamond_mine, serial_shops, shop, nicolae_orc_flooded_monolith,
          uniq_gastronok
Orc:2:    st_orc_mages, layout_caves, basic_altar, biasface_ghost_orc_armoury,
          kennysheep_orc_sif_temple, uniq_snorg, uniq_urug

Skill      XL: |  1  2  3  4  5  6  7  8  9 10 11 12 13 14 15 |
---------------+----------------------------------------------+-----
Dodging        | 2 3 4 5 6 7 8 |  8.0
Unarmed Combat | 4 6 7 9 10 11 13 14 15 | 15.2
Spellcasting   | 3 4 5 6 7 9 10 11 | 11.5
Transmutations | 3 4 5 6 7 8 9 10 11 12 13 | 13.0
Throwing       | 1 |  1.2
Stealth        | 1 2 3 4 5 6 |  6.3
Fighting       | 2 3 4 |  4.6
Shields        | 1 |  1.3
Poison Magic   | 1 2 |  2.9
Evocations     | 2 4 5 7 |  7.4
Ice Magic      | 2 |  2.1
Invocations    | 5 6 |  6.2
Earth Magic    | 1 |  1.2
Air Magic      | |  0.8

Action                     |  1- 3 |  4- 6 |  7- 9 | 10-12 | 13-15 || total
---------------------------+-------+-------+-------+-------+-------++-------
  Melee: Unarmed           |    99 |   116 |   312 |   454 |   672 ||  1653
         Tailslap          |    16 |    12 |    38 |    61 |   102 ||   229
         Headbutt          |     7 |     8 |    37 |    12 |       ||    64
         Punch             |     2 |     2 |    10 |    26 |    63 ||   103
         Kick              |    18 |    15 |    46 |     8 |       ||    87
  Throw: Dart              |       |     9 |    29 |    11 |    32 ||    81
   Cast: Beastly Appendage |    25 |    12 |    16 |     4 |     1 ||    58
         Wereblood         |     4 |     9 |    18 |    22 |    28 ||    81
         Spider Form       |       |     1 |    13 |     6 |     1 ||    21
         Blade Hands       |       |       |       |    46 |    99 ||   145
         Ice Form          |       |       |       |     8 |       ||     8
         Petrify           |       |       |       |       |     8 ||     8
         Ignite Poison     |       |       |       |       |    12 ||    12
         Mephitic Cloud    |       |       |       |       |     9 ||     9
         Alistair's Intoxi |       |       |       |       |     3 ||     3
 Invoke: Recall Ancestor   |       |       |       |     2 |     7 ||     9
         Ancestor Life: Kn |       |       |       |     1 |       ||     1
         Transference      |       |       |       |     1 |     2 ||     3
         Idealise          |       |       |       |       |     2 ||     2
Ability: Breathe Noxious F |       |       |    10 |     6 |    10 ||    26
         End Transformatio |       |       |       |     3 |     1 ||     4
  Evoke: Wand              |       |       |     7 |    73 |    28 ||   108
    Use: Scroll            |     4 |     4 |     7 |    17 |     6 ||    38
         Potion            |       |     1 |     1 |     2 |     8 ||    12
   Stab: Confused          |       |       |     8 |     6 |     5 ||    19
         Sleeping          |       |       |     1 |     1 |     3 ||     5
         Paralysed         |       |       |     3 |    10 |       ||    13
         Distracted        |       |       |       |     4 |     8 ||    12
         Petrified         |       |       |       |       |     3 ||     3
         Petrifying        |       |       |       |       |     2 ||     2
 Armour: Skin              |    32 |    41 |    73 |   102 |   133 ||   381
  Dodge: Dodged            |    72 |    66 |   207 |   285 |   533 ||  1163
  Block: Other             |       |       |    44 |    90 |   129 ||   263
         Reflection        |       |       |     1 |     4 |     5 ||    10
